 Dungeon Crawl Stone Soup version 0.30.0-19-gbf45117a57 (webtiles) character file.

Game seed: 13384914765915726795

898 qw the Chopper (level 8, -2/51 HPs)
             Began as a Gargoyle Fighter on May 23, 2023.
             Slain by Pikel
             ... wielding a +1 whip of flaming
              (8 damage)
             ... on level 4 of the Dungeon.
             The game lasted 00:01:58 (3403 turns).

qw the Chopper (Gargoyle Fighter)                   Turns: 3403, Time: 00:01:59

Health: -2/51      AC: 15    Str: 21    XL:     8   Next: 7%
Magic:  8/8        EV:  8    Int: 10    God:
Gold:   127        SH:  4    Dex:  9    Spells: 7/7 levels left

rFire   . . .        Y - +1 war axe
rCold   . . .        c - +0 buckler
rNeg    + . .        i - +0 chain mail
rPois   inf          (no helmet)
rElec   +            j - +0 cloak
rCorr   .            (no gloves)
SInv    .            (no boots)
Will    .....        (no amulet) Stlth
                     (no ring)
HPRegen 0.28/turn    (no ring)
MPRegen 0.11/turn

%: no passive effects
@: no status effects
A: sickness immunity, AC +5, negative energy resistance 1, electricity
resistance, torment resistance 1, petrification resistance
a: no special abilities


You were on level 4 of the Dungeon.
You visited 1 branch of the dungeon, and saw 6 of its levels.

You collected 127 gold pieces.


Innate Abilities, Weirdness & Mutations

You are immune to sickness and miasma.
Your stone body is resilient. (AC +5)
You are immune to poison.
You resist negative energy. (rN+)
You are resistant to electric shocks. (rElec)
You are resistant to unholy torment.
You are immune to petrification.


   Skills:
 - Level 5.9 Fighting
 - Level 7.0 Axes
 + Level 0.0 Throwing
 - Level 3.2 Armour
 - Level 1.1 Dodging
 - Level 3.2 Shields


You had 7 spell levels left.
You didn't know any spells.
Your spell library was empty.

Inventory:

Hand Weapons
 a - a +0 flail
 Y - a +1 war axe (weapon)
Missiles
 e - 2 boomerangs (quivered)
Armour
 c - a +0 buckler (worn)
 i - a +0 chain mail (worn)
 j - a +0 cloak (worn)
Scrolls
 f - a scroll of identify
Potions
 d - 2 potions of might
 g - a potion of lignification {unknown}
 h - 2 potions of curing
 k - 2 potions of attraction {unknown}

Dungeon Overview and Level Annotations

Branches:
Dungeon (6/15)
 Temple: D:4-7

Altars:
Ru
Sif Muna
Zin

Annotations:
D:4 1 runed translucent door, Pikel; qw's ghost, amateur GrFi


Message History

You barely miss Pikel.
Pikel is heavily wounded.
Pikel barely misses you.
You hit Pikel.
Pikel is severely wounded.
Pikel closely misses you.
You closely miss Pikel.
Pikel is severely wounded.
Pikel hits you with a +1 whip of flaming.
Pikel burns you.
You barely miss Pikel.
Pikel is severely wounded.
Pikel hits you with a +1 whip of flaming.
Pikel burns you.
You slash Pikel!
Pikel is almost dead.
Pikel completely misses you.
You closely miss Pikel.
Pikel is almost dead.
Pikel hits you with a +1 whip of flaming.
Pikel burns you. You block Pikel's attack.
You hit Pikel but do no damage.
Pikel is almost dead.
You block Pikel's attack.
You barely miss Pikel.
Pikel is almost dead.
Pikel barely misses you.
You hit Pikel but do no damage.
Pikel is almost dead.
Pikel hits you with a +1 whip of flaming!
Pikel burns you.
You hit Pikel but do no damage.
Pikel is almost dead.
Pikel hits you but does no damage.
You barely miss Pikel.
Pikel is almost dead.
Pikel hits you with a +1 whip of flaming.
Pikel burns you.
Pikel hits you with a +1 whip of flaming!
You die...

..##}##....##
#..........
...###...).#
#.7.777.7.
........#..#
#.7..)..7
##.....##>.#
#.7.._.[7
......+...#
###.7.....7 .....
#...# #...7.777.7...
#####
###+###.#...........
........7777777...
.......@..........
.......K.#..#.. ..
.........'..#
.......(.#..'.
.........#####.
###.!..... #....##.
..... ..


You could see Pikel.

Vanquished Creatures
  Eustachio (D:4)
  Sigmund (D:6)
  A black bear (D:3)
  4 lemures (D:4)
  A phantom (D:4)
  A bullfrog (D:6)
  2 jellies (D:2)
  An orc priest (D:3)
  An orc wizard (D:3)
  Natasha (thrice) (D:2)
  4 gnolls (D:3)
  3 adders
  3 worms (D:2)
  3 dart slugs
  6 orcs
  6 ball pythons
  6 bats
  14 endoplasms
  A giant cockroach (D:2)
  8 goblins
  7 hobgoblins
  4 jackals (D:3)
  6 frilled lizards
  11 kobolds
  5 rats
103 creatures vanquished.

Notes
Turn   | Place    | Note
-------+----------+-------------------------------------------
     0 | D:1      | qw the Gargoyle Fighter began the quest for the Orb.
     0 | D:1      | Reached XP level 1. HP: 14/14 MP: 1/1
     0 | D:1      | 0 ||| qw: Version: 0.2-a-98-g5d7165a
     0 | D:1      | 0 ||| qw: Game counter: 31
     0 | D:1      | 0 ||| qw: Always use a shield: true
     0 | D:1      | 0 ||| qw: God list: Okawaru
     0 | D:1      | 0 ||| qw: Allow faded altars: false
     0 | D:1      | 0 ||| qw: Do Orc after D:15 true
     0 | D:1      | 0 ||| qw: Do second Lair branch before Depths: true
     0 | D:1      | 0 ||| qw: Lair rune preference: random
     0 | D:1      | 0 ||| qw: Plans: Normal, Zot:1-4, God:TSO, Crypt, Tomb,
                  | Pan, Slime:5, Hells, Abyss, Win
     0 | D:1      | 0 ||| PLANNING D:1-11
    48 | D:1      | Reached skill level 2 in Axes
   202 | D:1      | Reached XP level 2. HP: 19/19 MP: 2/2
   516 | D:1      | 516 ||| DROPPING +0 club.
   525 | D:1      | 525 ||| UPGRADING to +0 chain mail.
   535 | D:1      | 535 ||| DROPPING +0 scale mail.
   536 | D:1      | 536 ||| READING scroll labelled ZAZUAG MIESEASCHE.
   537 | D:1      | 537 ||| READING scroll labelled GAHAVI TAOFRUM.
   540 | D:1      | 540 ||| READING 2 scrolls labelled TIPSIY EHED.
   541 | D:1      | 541 ||| READING scroll labelled DUAMIC TOBAIVE.
   542 | D:1      | 542 ||| DROPPING scroll of amnesia.
   584 | D:2      | Reached skill level 3 in Axes
   584 | D:2      | Reached XP level 3. HP: 23/23 MP: 3/3
   782 | D:2      | HP: 3/23 [worm (9)]
  1060 | D:2      | Reached XP level 4. HP: 20/28 MP: 4/4
  1147 | D:2      | Noticed Natasha
  1148 | D:2      | 1148 ||| Stepping ~*~*~tactically~*~*~ (hiding).
  1152 | D:2      | HP: 7/28 [Natasha (8)]
  1153 | D:2      | HP: 3/28 [Natasha/magic dart (4)]
  1161 | D:2      | Killed Natasha
  1162 | D:2      | Reached skill level 4 in Axes
  1383 | D:2      | 1383 ||| DROPPING +0 whip.
  1398 | D:2      | 1398 ||| Stepping ~*~*~tactically~*~*~ (hiding).
  1510 | D:2      | 1510 ||| Stepping ~*~*~tactically~*~*~ (stealth).
  1519 | D:2      | Reached XP level 5. HP: 27/32 MP: 5/5
  1521 | D:2      | Reached skill level 5 in Axes
  1698 | D:2      | Noticed Natasha
  1699 | D:2      | 1699 ||| Stepping ~*~*~tactically~*~*~ (hiding).
  1706 | D:2      | Killed Natasha
  1824 | D:2      | Noticed Natasha
  1837 | D:2      | Killed Natasha
  1838 | D:2      | Reached XP level 6. HP: 13/38 MP: 6/6
  1993 | D:2      | 1993 ||| DROPPING ring of flight.
  1994 | D:2      | 1994 ||| READING scroll labelled UNOCLA OTEURGH.
  1995 | D:2      | 1995 ||| READING scroll labelled HEEWAA TEXZY.
  2022 | D:2      | 2022 ||| READING 3 scrolls labelled LEOGUI POOTSOU.
  2023 | D:2      | 2023 ||| READING scroll labelled QUDOAS DIAX.
  2024 | D:2      | 2024 ||| DRINKING 3 pink potions.
  2025 | D:2      | 2025 ||| DROPPING 2 scrolls of vulnerability.
  2056 | D:3      | Noticed a black bear
  2069 | D:3      | Killed a black bear
  2225 | D:3      | Found a sacrificial altar of Ru.
  2281 | D:3      | 2281 ||| Stepping ~*~*~tactically~*~*~ (stealth).
  2283 | D:3      | 2283 ||| Stepping ~*~*~tactically~*~*~ (stealth).
  2297 | D:3      | 2297 ||| Stepping ~*~*~tactically~*~*~ (stealth).
  2335 | D:3      | 2335 ||| Stepping ~*~*~tactically~*~*~ (stealth).
  2452 | D:3      | Reached skill level 6 in Axes
  2474 | D:3      | Reached skill level 1 in Dodging
  2474 | D:3      | Reached XP level 7. HP: 30/43 MP: 7/7
  2525 | D:3      | 2525 ||| DROPPING +2 whip of pain.
  2700 | D:3      | Found a glowing silver altar of Zin.
  2757 | D:3      | You fall into a shaft and drop 3 floors!
  2763 | D:6      | Noticed Sigmund
  2771 | D:6      | Killed Sigmund
  2785 | D:6      | Reached skill level 7 in Axes
  2857 | D:6      | 2857 ||| UPGRADING to +0 cloak.
  2862 | D:6      | 2862 ||| DRINKING 4 sedimented blue potions.
  2868 | D:5      | Entered Level 5 of the Dungeon
  2877 | D:4      | Noticed qw's ghost (amateur GrFi)
  2883 | D:4      | Found a runed translucent door.
  3076 | D:3      | 3076 ||| READING scroll labelled UCACOW YWAL.
  3123 | D:4      | 3123 ||| Stepping ~*~*~tactically~*~*~ (stealth).
  3243 | D:4      | Found a shimmering blue altar of Sif Muna.
  3245 | D:4      | Noticed Pikel
  3246 | D:4      | 3246 ||| Stepping ~*~*~tactically~*~*~ (stealth).
  3248 | D:4      | 3248 ||| Stepping ~*~*~tactically~*~*~ (stealth).
  3254 | D:4      | Noticed Eustachio
  3291 | D:4      | HP: 9/44 [shadow imp[Eustachio] (5)]
  3292 | D:4      | 3292 ||| DRINKING 3 potions of heal wounds.
  3305 | D:4      | Killed Eustachio
  3306 | D:4      | Reached XP level 8. HP: 38/51 MP: 8/8
  3325 | D:4      | 3325 ||| Stepping ~*~*~tactically~*~*~ (stealth).
  3326 | D:4      | 3326 ||| Stepping ~*~*~tactically~*~*~ (stealth).
  3381 | D:4      | 3381 ||| DRINKING 3 potions of curing.
  3381 | D:4      | 3381 ||| (to cure confusion)
  3383 | D:4      | HP: 5/51 [Pikel/bolt of light (14)]
  3384 | D:4      | 3384 ||| DRINKING 2 potions of heal wounds.
  3388 | D:4      | 3388 ||| DRINKING potion of heal wounds.
  3401 | D:4      | HP: 10/51 [Pikel/+1 whip of flaming (7)]
  3403 | D:4      | Slain by Pikel

Levels and vault maps discovered:
D:1:      dpeg_arrival_leaves_temple_mockup, layout_basic
D:2:      cheibrodos_fertilizer, layout_basic, minmay_misc_feat_enclosed,
          uniq_natasha
D:3:      layout_loops_ring, zin_scriptorium, mainiacjoe_overflow_paths
D:4:      layout_gridville, mainiacjoe_overflow_24_doors,
          mainiacjoe_overflow_cross_hatched, minmay_temple_entry_ruins,
          hellmonk_ghost_happy_afterlife, uniq_menkaure, uniq_eustachio,
          uniq_pikel
D:5:      layout_basic, slow_altar_2, uniq_grinder
D:6:      layout_loops_ring, elyvilon_altar_5,
          worldfamousw_hep_ancestral_shrine, mainiacjoe_overflow_two_lobes,
          uniq_sigmund

Skill      XL: |  1  2  3  4  5  6  7 |
---------------+----------------------+-----
Axes           | 2 3 4 5 6 7 |  7.0
Fighting       | 4 5 |  5.9
Dodging        | 1 |  1.1
Armour         | |  3.2
Shields        | |  3.2

Action                     |  1- 3 |  4- 6 |  7- 9 || total
---------------------------+-------+-------+-------++-------
  Melee: War axe           |    92 |   154 |   127 ||   373
  Throw: Boomerang         |       |       |    13 ||    13
    Use: Scroll            |     4 |     4 |     1 ||     9
         Potion            |       |     1 |     5 ||     6
 Armour: Scale mail        |    24 |       |       ||    24
         Chain mail        |    20 |    94 |    75 ||   189
  Dodge: Dodged            |    41 |    54 |    59 ||   154
  Block: Buckler           |    19 |    23 |    17 ||    59

Table legend:
 A = Non-vault XP
 B = Vault XP
 C = Vault XP percentage of total XP
 D = Non-vault monster count
 E = Vault monster count
 F = Vault count percentage of total count
                 A         B        C        D         E       F
            +---------+---------+-------+---------+---------+-------
      Total |     707 |     577 |  44.9 |      80 |      19 |  19.2
            +---------+---------+-------+---------+---------+-------
        D:1 |      25 |       0 |   0.0 |      18 |       0 |   0.0
        D:2 |     148 |     149 |  50.2 |      27 |      17 |  38.6
        D:3 |     315 |       0 |   0.0 |      25 |       0 |   0.0
        D:4 |     114 |     214 |  65.2 |       5 |       1 |  16.7
        D:6 |     105 |     214 |  67.1 |       5 |       1 |  16.7
            +---------+---------+-------+---------+---------+-------
